 Dungeon Crawl Stone Soup version 0.30-a0-1122-g620db56ad9 (webtiles) character file.

Game seed: 17889216762458980621

221987 Kenran the Fencer (level 18, 0/154 HPs)
             Began as a Minotaur Monk on Apr 22, 2023.
             Was the Champion of Hepliaklqana.
             Slain by Ilsuiw
             ... wielding a +3 trident of freezing
              (1 damage)
             ... on level 3 of the Shoals.
             The game lasted 01:16:39 (31519 turns).

Kenran the Fencer (Minotaur Monk)                  Turns: 31519, Time: 01:16:39

Health: 0/154      AC: 35    Str: 19    XL:     18   Next: 52%
Magic:  29/29      EV: 12    Int:  7    God:    Hepliaklqana [******]
Gold:   308        SH:  0    Dex: 21    Spells: 17/17 levels left

rFire   + + .        a - +9 great sword of Watchfulness {spect, rPois rN+}
rCold   . . .        (shield currently unavailable)
rNeg    + + +        S - +9 plate armour {rF+}
rPois   +            (helmet unavailable)
rElec   .            R - +2 cloak of the Abyss {rN++ Dex+3 Stlth-}
rCorr   .            U - +0 pair of gloves
SInv    +            e - +2 pair of boots {Fly}
Will    +....        Z - amulet of regeneration Stlth
                     J - ring of poison resistance
HPRegen 1.25/turn    C - ring of protection from fire
MPRegen 0.21/turn

%: no passive effects
@: lethally poisoned (0 -> 0), flying
A: reduced essence, horns 3, retaliatory headbutt, see invisible, no potion heal
1
}: 1/15 runes: serpentine
a: Renounce Religion, Recall Ancestor, Ancestor Identity, Transference, Idealise


You were on level 3 of the Shoals.
You worshipped Hepliaklqana.
Hepliaklqana was exalted by your worship.
You visited 5 branches of the dungeon, and saw 29 of its levels.
You also visited: Gauntlet.

You collected 3169 gold pieces.
You spent 2861 gold pieces at shops.

Inventory:

Hand Weapons
 a - the +9 great sword of Watchfulness (weapon) {spect, rPois rN+}
   (You acquired it on level 2 of the Orcish Mines)

   rPois:     It protects you from poison.
   rN:        It protects you from negative energy.
 b - a +0 demon whip of venom
Missiles
 A - 10 throwing nets (quivered)
Armour
 e - a +2 pair of boots of flying (worn)
 R - the +2 cloak of the Abyss (worn) {rN++ Dex+3 Stlth-}
   (You bought it in a shop on level 11 of the Dungeon)

   Dex:       It affects your dexterity (+3).
   rN:        It greatly protects you from negative energy.
   Stlth:     It makes you less stealthy.
 S - a +9 plate armour of fire resistance (worn)
 U - a +0 pair of gloves (worn)
Jewellery
 h - a ring of protection from cold
 C - a ring of protection from fire (right hand)
 E - a ring of positive energy
 J - a ring of poison resistance (left hand)
 Z - an amulet of regeneration (around neck)
Wands
 y - a wand of mindburst (11)
 B - a wand of flame (44)
 K - a wand of quicksilver (4)
 L - a wand of iceblast (29)
 X - a wand of digging (7)
 Y - a wand of charming (21)
Scrolls
 d - 6 scrolls of identify {@r1}
 f - 15 scrolls of teleportation
 g - 5 scrolls of blinking
 j - 7 scrolls of immolation {!r}
 m - 6 scrolls of poison {!r}
 o - a scroll of summoning
 p - 9 scrolls of magic mapping
 t - 6 scrolls of vulnerability {!r}
 x - 5 scrolls of fear
 F - 3 scrolls of brand weapon
 G - 4 scrolls of fog
 N - 5 scrolls of silence
Potions
 c - 3 potions of ambrosia
 i - 9 potions of curing {@q1}
 k - a potion of cancellation
 l - 2 potions of resistance
 n - 4 potions of mutation {!q}
 q - 5 potions of magic
 r - 6 potions of attraction {!q}
 s - 5 potions of lignification {!q}
 w - 3 potions of berserk rage {!q}
 z - 5 potions of flight
 D - 2 potions of might
 I - a potion of haste
 M - 4 potions of brilliance
 T - 3 potions of invisibility
Miscellaneous
 O - a box of beasts
 P - a phantom mirror
 Q - a lightning rod (4/4)


   Skills:
 - Level 18.0 Fighting
 + Level 20.5 Long Blades
 - Level 14.0 Maces & Flails
 - Level 16.0 Armour
 - Level 10.0 Dodging
 - Level 16.0 Invocations
 - Level 7.0 Evocations


You had 17 spell levels left.
You didn't know any spells.
Your spell library contained the following spells:

 Spells                   Type           Power      Damage    Failure   Level
 Beastly Appendage        Tmut           0%         N/A       99%         1
 Necrotise                Necr           0%         1d4       99%         1
 Sting                    Tmut/Pois      0%         1d3       99%         1
 Summon Small Mammal      Summ           0%         N/A       99%         1
 Ensorcelled Hibernation  Hex/Ice        0%         N/A       100%        2
 Passwall                 Tmut/Erth      0%         N/A       100%        2
 Poisonous Vapours        Pois/Air       0%         N/A       100%        2
 Static Discharge         Conj/Air       0%         2-2/arc   100%        2
 Wereblood                Tmut           0%         N/A       100%        2
 Call Canine Familiar     Summ           0%         N/A       100%        3
 Dazzling Flash           Conj/Hex       0%         N/A       100%        3
 Hailstorm                Conj/Ice       0%         3d3       100%        3
 Ignite Poison            Fire/Tmut/Pois 0%         N/A       100%        3
 Portal Projectile        Hex/Tloc       0%         N/A       100%        3
 Spider Form              Tmut/Pois      0%         N/A       100%        3
 Summon Guardian Golem    Hex/Summ       0%         N/A       100%        3
 Swiftness                Air            0%         N/A       100%        3
 Vampiric Draining        Necr           0%         2d6       100%        3
 Anguish                  Hex/Necr       0%         N/A       100%        4
 Animate Dead             Necr           0%         N/A       100%        4
 Cause Fear               Hex            0%         N/A       100%        4
 Ice Form                 Ice/Tmut       0%         N/A       100%        4
 Leda's Liquefaction      Hex/Erth       0%         N/A       100%        4
 Olgreb's Toxic Radiance  Pois           0%         N/A       100%        4
 Passage of Golubria      Tloc           0%         N/A       100%        4
 Sticky Flame             Conj/Fire      0%         2d3       100%        4
 Agony                    Necr           0%         N/A       100%        5
 Arcjolt                  Conj/Air       0%         1d10      100%        5
 Borgnjor's Vile Clutch   Necr/Erth      0%         N/A       100%        5
 Silence                  Hex/Air        0%         N/A       100%        5
 Death Channel            Necr           0%         N/A       100%        6
 Simulacrum               Ice/Necr       0%         N/A       100%        6
 Enfeeble                 Hex            0%         N/A       100%        7
 Storm Form               Tmut/Air       0%         N/A       100%        7
 Ignition                 Fire           0%         3d3       100%        8
 Lehudib's Crystal Spear  Conj/Erth      0%         10d2      100%        8


Dungeon Overview and Level Annotations

Branches:
Dungeon (15/15)            Temple (0/1) D:5            Lair (5/5) D:8
 Shoals (3/4) Lair:3        Snake (4/4) Lair:3        Slime (0/5) Lair:5
    Orc (2/2) D:10            Elf (0/3) Orc:2        Vaults (0/5) D:13
 Depths (0/4) D:15        Gauntlet (visited)

Altars:
Ashenzari
Cheibriados
Dithmenos
Elyvilon
Fedhas
Hepliaklqana
Kikubaaqudgha
Makhleb
Qazlal
Ru
Sif Muna
Vehumet
Wu Jian
Xom
Zin
The Shining One
Jiyva

Shops:
D:4 (=   D:9 *::=   D:11 [   Orc:2 *=((   Shoals:2 ?

Portals:
Hell: Lair:5

Annotations:
D:3 1 runed translucent door, Crazy Yiuf
Lair:1 exclusion: downstairs
Lair:4 exclusion: oklob plant
Shoals:3 Ilsuiw
Snake:3 2 transporters, exclusion: obsidian statue


Innate Abilities, Weirdness & Mutations

Your life essence is reduced to manifest your ancestor. (-10% HP)
You have a pair of large horns on your head.
You reflexively headbutt those who attack you in melee.
You have supernaturally acute eyesight. (SInv)
Potions are less effective at restoring your health.


Message History

The water engulfing you falls away.
You gasp with relief as air once again reaches your lungs.
The water elemental is knocked back by the gust of wind. x2
You are knocked back by the gust of wind.
You collide with your +9 great sword of Watchfulness {spect, rPois rN+}!
Your spectral weapon shares its damage with you!
Your +9 great sword of Watchfulness {spect, rPois rN+} is moderately damaged.
* * * LOW HITPOINT WARNING * * *
The merfolk impaler is knocked back by the gust of wind.
The merfolk is knocked back by the gust of wind.
The merfolk slams into the rock wall!
The merfolk is moderately wounded.
Nefertari is knocked back by the gust of wind.
Ilsuiw is knocked back by the gust of wind.
Ilsuiw collides with the merfolk!
The merfolk is heavily wounded.
Ilsuiw is lightly wounded.
* * * LOW HITPOINT WARNING * * *
The merfolk siren chants its luring song.
You slice the water elemental!!
Your headbutt misses the water elemental.
The water elemental is severely damaged.
Your +9 great sword of Watchfulness {spect, rPois rN+} hits the water elemental!!
You destroy the water elemental!
You feel sick.
The merfolk siren chants its luring song.
The merfolk impaler hits you from afar with a +1 trident of protection!
* * * LOW HITPOINT WARNING * * *
Okay, then.
Your magical effects are unravelling.
You feel magically purged.
Your +9 great sword of Watchfulness {spect, rPois rN+} disappears.
You break out of your daze.
You feel sick.
The merfolk siren hits you from afar with a +0 spear!
* * * LOW HITPOINT WARNING * * *
Ilsuiw hits you from afar with a +3 trident of freezing.
* * * LOW HITPOINT WARNING * * *
Ilsuiw freezes you.
You die...

.###..<....###.~~
##.......# #..~
##...~~~..##..~~
#....~~~~......~~
.......~..k~~..>~~
...~~~~~.#.~~~~~~~
~~~~~~~~~~†~~~~~~~
~~~~~~~~~~R)m~~m~~
~~~~~~~~~@.mm.#.~
≈≈≈≈~~~~)~~mE## .
≈≈≈≈≈~~~m~~~...~
≈≈≈≈≈~~~~~~~^~~~
≈≈≈≈~~~~~~~~~~~
≈≈≈≈≈~~~~P~~P~~
≈≈≈≈≈~P~~~P~P~~
≈≈≈≈≈≈≈≈~~~.PP~


You could see the friendly Nefertari the hexer, Ilsuiw, 2 merfolk impalers, a
wind drake (repels missiles, catching breath), a merfolk, a water elemental
(ally target) and 2 merfolk sirens.

Vanquished Creatures
  Bai Suzhen (Snake:4)
  Jorgrun (D:12)
  2 quicksilver dragons (Snake:4)
  A kraken (Shoals:1)
  6 nagarajas
  2 orc warlords (Orc:1)
  9 slime creatures
  A minotaur (Gauntlet)
  Snorg (D:10)
  An ettin (D:15)
  2 merfolk impalers
  A merfolk javelineer (Shoals:1)
  3 salamander tyrants
  8 vault guards (D:13)
  8 hydras
  Harold (Orc:1)
  A catoblepas (D:14)
  5 ogre magi
  A rakshasa (D:14)
  11 centaur warriors
  A merfolk avatar (Shoals:1)
  An alligator snapping turtle (Shoals:2)
  13 anacondas
  14 two-headed ogres
  The ghost of tish the Transmogrifier, a journeyman OpTm of Wu Jian (D:11)
  2 death knights
  6 boulder beetles
  15 naga warriors
  9 naga sharpshooters
  6 death yaks
  5 shock serpents
  Sonja (D:11)
  Amaemon (Lair:2)
  3 skysharks
  2 deep trolls (D:15)
  5 salamander mystics
  A skeletal warrior (D:14)
  Lodul (D:10)
  11 sea snakes
  7 naga ritualists
  2 phantasmal warriors (D:15)
  6 wizards
  A lindwurm (Lair:4)
  An orc knight (Orc:2)
  A harpy (Lair:3)
  15 ugly things
  11 fauns
  16 mana vipers
  6 deep elf pyromancers
  2 orc sorcerers
  9 manticores
  8 cyclopes
  17 salamanders
  Maurice (D:8)
  4 elephants (Lair:5)
  4 merfolk sirens
  8 guardian serpents (Snake:4)
  14 naga magi
  3 water nymphs
  42 black mambas
  5 cane toads
  An orange demon (Lair:2)
  3 gargoyles
  2 unseen horrors
  6 rime drakes
  A rime drake (shapeshifter) (D:14)
  A kobold demonologist (D:12)
  A komodo dragon (shapeshifter) (D:14)
  9 freezing wraiths
  12 komodo dragons
  An efreet (D:14)
  14 merfolk
  2 red devils (Lair:5)
  3 ice devils (Lair:5)
  3 polar bears
  8 trolls
  2 wind drakes
  4 meliai
  A hellwing (Lair:5)
  7 blink frogs (Lair:5)
  Grinder (D:5)
  3 snapping turtles
  5 dream sheep
  5 wraiths (D:14)
  Sigmund (D:5)
  4 centaur simulacra
  5 water elementals
  3 wyverns
  A vampire (D:13)
  A shadow (D:10)
  2 basilisks
  36 yaks
  2 fire bats (Gauntlet)
  Grum (D:9)
  Eustachio (D:6)
  6 vampire mosquitoes
  5 wargs
  Edmund (D:6)
  4 acid dragons
  58 nagas
  11 water moccasins
  4 hell hounds (Lair:5)
  A meliai simulacrum (D:14)
  15 orc warriors
  3 black bears
  21 ogres
  2 ice beasts
  20 wolves
  13 centaurs
  2 phantoms
  2 kobold brigands
  4 scorpions
  9 bullfrogs
  2 gnoll sergeants
  7 killer bees
  5 howler monkeys
  6 electric eels
  4 crimson imps (D:8)
  5 hounds
  A gnoll bouda (D:5)
  12 orc priests
  3 jellies
  6 iguanas
  10 orc wizards
  A human simulacrum (D:10)
  A hound zombie (D:3)
  6 adders
  22 gnolls
  2 shadow imps (Gauntlet)
  4 white imps
  An ufetubus (D:3)
  2 adder zombies (D:3)
  A worm (D:4)
  2 dart slugs
  45 orcs
  2 bats (D:1)
  8 endoplasms
  6 giant cockroaches
  6 goblins
  8 hobgoblins
  2 jackals (D:4)
  3 quokkas
  13 ball pythons
  A ball python skeleton (D:3)
  A ball python zombie (D:3)
  3 frilled lizards
  A jackal zombie (D:3)
  10 kobolds
  A quokka zombie (D:3)
  6 rats
  2 plants
  4 tentacles (Shoals:1)
905 creatures vanquished.

Vanquished Creatures (collateral kills)
  A reaper (Gauntlet)
  Nessos (Lair:4)
  A merfolk aquamancer (Shoals:3)
  An anaconda (Snake:3)
  4 two-headed ogres
  A death yak (Lair:4)
  A naga warrior (Snake:3)
  A fire crab (Gauntlet)
  A sixfirhy (Lair:5)
  A naga ritualist (Snake:2)
  A manticore (Shoals:2)
  A cyclops (D:14)
  An orc sorcerer (Orc:2)
  An orc knight (Orc:2)
  An oklob plant (Lair:3)
  A faun (Shoals:2)
  A mana viper (Snake:4)
  An elephant (Lair:5)
  2 naga magi
  3 black mambas
  Joseph (D:8)
  A gargoyle (D:11)
  4 cane toads
  A torpor snail (Gauntlet)
  3 komodo dragons
  A rime drake (Lair:5)
  A freezing wraith (D:14)
  A polar bear (Lair:4)
  A troll (Orc:1)
  A snapping turtle (Shoals:1)
  A blink frog (Lair:5)
  3 dream sheep
  4 yaks
  A water elemental (Shoals:3)
  A wyvern (Lair:5)
  A basilisk (Lair:5)
  3 vampire mosquitoes
  2 nagas
  Duvessa (D:5)
  4 water moccasins
  A black bear (D:6)
  4 orc warriors
  A sky beast (D:7)
  7 ogres
  6 wolves
  A phantom (D:6)
  3 centaurs (D:15)
  A gnoll sergeant (D:6)
  A scorpion (D:5)
  A cane toad simulacrum (Gauntlet)
  Dowan (D:5)
  2 killer bees (D:7)
  2 hounds
  3 orc priests
  2 orc wizards
  A human simulacrum (D:10)
  3 gnolls
  An adder (D:6)
  A white imp (D:5)
  16 orcs
  2 kobolds (D:6)
  A butterfly (Lair:2)
123 creatures vanquished.

Vanquished Creatures (others)
  An ogre (Orc:2)
  2 electric eels
  24 hexers
  2 demonic plants (D:5)
  19 fungi
  48 plants
  6 spectral weapons
  5 tentacles (Shoals:1)
107 creatures vanquished.

Grand Total: 1135 creatures vanquished

Notes
Turn   | Place    | Note
-------+----------+-------------------------------------------
     0 | D:1      | Kenran the Minotaur Monk began the quest for the Orb.
     0 | D:1      | Reached XP level 1. HP: 19/19 MP: 0/0
    86 | D:1      | Reached skill level 4 in Long Blades
   111 | D:1      | Reached XP level 2. HP: 26/26 MP: 1/1
   224 | D:1      | Reached skill level 5 in Long Blades
   376 | D:1      | Reached XP level 3. HP: 31/31 MP: 2/2
  1249 | D:3      | Reached skill level 6 in Long Blades
  1249 | D:3      | Reached XP level 4. HP: 34/39 MP: 3/3
  1267 | D:3      | Found a faded altar of an unknown god.
  1335 | D:3      | Reached skill level 7 in Long Blades
  1335 | D:3      | Reached XP level 5. HP: 39/45 MP: 4/4
  1384 | D:3      | Found a runed translucent door.
  1385 | D:3      | Noticed Crazy Yiuf
  1749 | D:4      | Noticed a phantom
  1987 | D:4      | Found a large runed translucent door.
  1993 | D:4      | Found a large runed translucent door.
  2071 | D:4      | Found Husich's Jewellery Shoppe.
  2071 | D:4      | Noticed a phantom
  2081 | D:4      | Killed a phantom
  2082 | D:4      | Reached skill level 8 in Long Blades
  2082 | D:4      | Reached XP level 6. HP: 43/51 MP: 5/5
  2230 | D:4      | Found Lipp's Antique Weapon Emporium.
  2268 | D:4      | Bought a glowing falchion for 120 gold pieces
  2331 | D:4      | Found a sacrificial altar of Ru.
  2332 | D:4      | Found a white marble altar of Elyvilon.
  2400 | D:4      | Found a stormy altar of Qazlal.
  2463 | D:4      | Found a shimmering blue altar of Sif Muna.
  2472 | D:4      | Found a hazy altar of Hepliaklqana.
  2476 | D:4      | Became a worshipper of Hepliaklqana the Forgotten
  2476 | D:4      | Reached * piety under Hepliaklqana
  2476 | D:4      | Reached ** piety under Hepliaklqana
  2477 | D:4      | Remembered your ancestor Nefertari as a hexer
  2504 | D:5      | Entered Level 5 of the Dungeon
  2506 | D:5      | Noticed Sigmund
  2516 | D:5      | Killed Sigmund
  2517 | D:5      | Reached skill level 9 in Long Blades
  2517 | D:5      | Reached XP level 7. HP: 51/51 MP: 6/6
  2586 | D:5      | Reached skill level 10 in Long Blades
  2600 | D:5      | Reached skill level 5 in Fighting
  2604 | D:5      | Found a radiant altar of Vehumet.
  2669 | D:5      | Reached skill level 1 in Armour
  2702 | D:5      | Noticed Duvessa
  2708 | D:5      | Noticed Dowan
  2720 | D:5      | Killed Duvessa
  2721 | D:5      | Reached XP level 8. HP: 61/61 MP: 7/7
  2725 | D:5      | Killed Dowan
  2726 | D:5      | Reached skill level 5 in Armour
  2788 | D:5      | Found a staircase to the Ecumenical Temple.
  3194 | D:5      | Found a snail-covered altar of Cheibriados.
  3211 | D:5      | Reached skill level 1 in Invocations
  3310 | D:5      | Reached skill level 11 in Long Blades
  3323 | D:5      | Found a broken altar of Ashenzari.
  3341 | D:5      | Noticed Grinder
  3347 | D:5      | Paralysed by Grinder for 2 turns
  3352 | D:5      | Killed Grinder
  3379 | D:5      | Found a shadowy altar of Dithmenos.
  3386 | D:5      | Reached skill level 12 in Long Blades
  3550 | D:6      | Noticed Eustachio
  3561 | D:6      | Killed Eustachio
  3562 | D:6      | Reached XP level 9. HP: 70/70 MP: 9/9
  3626 | D:6      | Noticed Edmund
  3633 | D:6      | Killed Edmund
  3923 | D:6      | Reached skill level 1 in Evocations
  4550 | D:7      | Found a glowing silver altar of Zin.
  4679 | D:7      | Reached *** piety under Hepliaklqana
  4759 | D:7      | Found an ornate altar of the Wu Jian Council.
  4843 | D:8      | Noticed a troll
  4854 | D:8      | Killed a troll
  4925 | D:8      | Found a staircase to the Lair.
  4945 | D:8      | Reached XP level 10. HP: 32/81 MP: 12/12
  5644 | D:8      | Noticed Joseph
  5650 | D:8      | Killed Joseph
  5651 | D:8      | Reached skill level 13 in Long Blades
  5825 | D:8      | Noticed Maurice
  5905 | D:8      | Noticed a two-headed ogre
  5911 | D:8      | Killed a two-headed ogre
  5912 | D:8      | Reached skill level 10 in Fighting
  5912 | D:8      | Reached skill level 5 in Invocations
  5994 | D:8      | Found a glowing golden altar of the Shining One.
  6057 | D:8      | Killed Maurice
  6058 | D:8      | Reached skill level 14 in Long Blades
  6070 | D:8      | Found a shimmering altar of Xom.
  6200 | D:9      | Noticed Grum
  6425 | D:9      | Killed Grum
  6486 | D:9      | Reached **** piety under Hepliaklqana
  6692 | D:9      | Found Rukuwn's Jewellery Shop.
  6713 | D:9      | Found Canuosuf's Book Shoppe.
  6771 | D:9      | Found Niatwup's Fire Supplies.
  6809 | D:9      | Found Senlenwa's Book Shoppe.
  7041 | D:10     | Entered Level 10 of the Dungeon
  7042 | D:10     | Found a blossoming altar of Fedhas.
  7200 | D:10     | Found a staircase to the Orcish Mines.
  7312 | D:10     | Reached XP level 11. HP: 87/91 MP: 13/13
  7407 | D:10     | Noticed Lodul
  7722 | D:10     | Killed Lodul
  8088 | D:10     | Noticed Snorg
  8103 | D:10     | Killed Snorg
  8203 | D:10     | Reached skill level 5 in Evocations
  8591 | D:11     | Noticed tish's ghost (journeyman OpTm)
  8591 | D:11     | Found a runed translucent door.
  9350 | D:11     | Noticed Sonja
  9352 | D:11     | Killed Sonja
  9556 | D:11     | Reached ***** piety under Hepliaklqana
  9725 | D:11     | Found Nohoupre's Armour Shop.
  9736 | D:11     | Bought the +2 cloak of the Abyss {rN++ Dex+3 Stlth-} for
                  | 479 gold pieces
  9736 | D:11     | Bought a +0 pair of boots for 58 gold pieces
  9955 | Lair:1   | Entered Level 1 of the Lair of Beasts
  9965 | Lair:1   | Reached skill level 10 in Armour
 10189 | Lair:1   | Reached skill level 5 in Dodging
 10221 | Lair:1   | Reached XP level 12. HP: 100/100 MP: 16/16
 10548 | Lair:1   | Noticed a death yak
 10554 | Lair:1   | Noticed a death yak
 10558 | Lair:1   | Noticed a death yak
 10564 | Lair:1   | Killed a death yak
 10629 | Lair:1   | Killed a death yak
 10637 | Lair:1   | Killed a death yak
 11124 | Lair:2   | Noticed Amaemon
 11130 | Lair:2   | Killed Amaemon
 11130 | Lair:2   | Noticed a six-headed hydra
 11394 | Lair:2   | Killed a six-headed hydra
 12425 | Lair:3   | Found a staircase to the Shoals.
 12536 | Lair:3   | Reached skill level 10 in Invocations
 12861 | Lair:3   | Reached XP level 13. HP: 100/109 MP: 19/19
 12941 | Lair:3   | Found a staircase to the Snake Pit.
 13144 | Lair:3   | Reached skill level 1 in Maces & Flails
 13406 | Lair:3   | Found a radiant altar of Vehumet.
 13770 | Lair:4   | Noticed Nessos
 13780 | Lair:4   | Killed Nessos
 13781 | Lair:4   | Reached skill level 5 in Maces & Flails
 13827 | Lair:4   | Found a gate leading to a gauntlet.
 13861 | Gauntlet | Entered a Gauntlet
 13861 | Gauntlet | Found a transporter.
 14001 | Gauntlet | Found a transporter.
 14005 | Gauntlet | Found a transporter.
 14013 | Gauntlet | Found a transporter.
 14018 | Gauntlet | Found a transporter.
 14029 | Gauntlet | Found a transporter.
 14029 | Gauntlet | Found a transporter.
 14034 | Gauntlet | Found a transporter.
 14034 | Gauntlet | Found a runed translucent door.
 14045 | Gauntlet | Found a transporter.
 14046 | Gauntlet | Found a transporter.
 14049 | Gauntlet | Noticed a reaper
 14054 | Gauntlet | Found a transporter.
 14075 | Gauntlet | Found a transporter.
 14099 | Gauntlet | Found a transporter.
 14111 | Gauntlet | Found a transporter.
 14618 | Gauntlet | Killed a reaper
 14808 | Gauntlet | Noticed a minotaur
 14812 | Gauntlet | Gained mutation: Potions are less effective at restoring
                  | your health. [potion of mutation]
 14812 | Gauntlet | Gained mutation: You have a pair of large horns on your
                  | head. [potion of mutation]
 14812 | Gauntlet | Gained mutation: You have supernaturally acute eyesight.
                  | (SInv) [potion of mutation]
 14830 | Gauntlet | Killed a minotaur
 15098 | Lair:4   | Reached skill level 10 in Maces & Flails
 15234 | Lair:4   | Identified a scroll of acquirement
 15236 | Lair:4   | Acquired 653 gold pieces
 15599 | Lair:5   | Entered Level 5 of the Lair of Beasts
 16137 | Lair:5   | Found a viscous altar of Jiyva.
 16137 | Lair:5   | Found a staircase to the Slime Pits.
 16237 | Lair:5   | Reached XP level 14. HP: 115/118 MP: 20/20
 16962 | Lair:5   | Found a burning altar of Makhleb.
 17275 | Lair:5   | Found a gateway to Hell.
 18042 | Orc:1    | Entered Level 1 of the Orcish Mines
 18057 | Orc:1    | Reached ****** piety under Hepliaklqana
 18090 | Orc:2    | Entered Level 2 of the Orcish Mines
 18215 | Orc:1    | Noticed an orc warlord
 18269 | Orc:2    | Noticed an orc warlord
 18547 | Orc:1    | Killed an orc warlord
 18640 | Orc:2    | Found a staircase to the Elven Halls.
 19071 | Orc:2    | Reached skill level 15 in Fighting
 19130 | Orc:2    | Found Ikoloixi's Jewellery Shop.
 19130 | Orc:2    | Found Jixtoc's Assorted Antiques.
 19131 | Orc:2    | Found Ocabrit's Antique Weapon Shoppe.
 19131 | Orc:2    | Found Ceschim's Antique Weapon Shop.
 19144 | Orc:2    | Bought a pitted great sword for 368 gold pieces
 19144 | Orc:2    | Identified the +5 great sword of Ifra {heavy, rN+ Str+2
                  | Int+4} (You bought it in a shop on level 2 of the Orcish
                  | Mines)
 19145 | Orc:2    | Bought a scroll of acquirement for 1040 gold pieces
 19145 | Orc:2    | Bought a scroll of identify for 40 gold pieces
 19145 | Orc:2    | Bought a scroll of teleportation for 60 gold pieces
 19153 | Orc:2    | Acquired the +9 great sword of Watchfulness {spect, rPois
                  | rN+}
 19642 | Orc:1    | Killed an orc warlord
 19643 | Orc:1    | Reached XP level 15. HP: 102/126 MP: 22/22
 19774 | Orc:1    | Noticed Harold
 19779 | Orc:1    | Killed Harold
 20033 | D:11     | Killed tish's ghost
 20395 | D:12     | Reached skill level 15 in Long Blades
 20424 | D:12     | Noticed Jorgrun
 20440 | D:12     | Killed Jorgrun
 21347 | D:13     | Reached skill level 16 in Long Blades
 21643 | D:13     | Found a gate to the Vaults.
 21947 | D:14     | Reached skill level 17 in Long Blades
 22203 | D:14     | Reached skill level 18 in Long Blades
 22390 | D:14     | Got the Tractate on the Shocking Flock
 22426 | D:14     | Reached skill level 19 in Long Blades
 22706 | D:14     | Reached XP level 16. HP: 134/134 MP: 23/23
 22737 | D:14     | Found a hazy altar of Hepliaklqana.
 23042 | D:15     | Entered Level 15 of the Dungeon
 23244 | D:15     | Reached skill level 20 in Long Blades
 23511 | D:15     | Found a staircase to the Depths.
 23692 | D:15     | Found an ancient bone altar of Kikubaaqudgha.
 24503 | Snake:1  | Entered Level 1 of the Snake Pit
 24929 | Snake:1  | Found a stormy altar of Qazlal.
 25589 | Snake:2  | You are sucked into a shaft and drop 1 floor!
 25841 | Snake:3  | Reached XP level 17. HP: 139/144 MP: 26/26
 25851 | Snake:3  | Found a transporter.
 25923 | Snake:3  | Found a transporter.
 27652 | Snake:4  | Entered Level 4 of the Snake Pit
 28001 | Snake:4  | Reached skill level 15 in Invocations
 28254 | Snake:4  | Reached skill level 15 in Armour
 28930 | Snake:4  | Noticed Bai Suzhen
 29146 | Snake:4  | Killed Bai Suzhen
 29215 | Snake:4  | Reached XP level 18. HP: 135/154 MP: 28/28
 29508 | Snake:4  | Got a serpentine rune of Zot
 29719 | Shoals:1 | Entered Level 1 of the Shoals
 30829 | Shoals:2 | Reached skill level 10 in Dodging
 31028 | Shoals:2 | Found Docaagre's Magic Scroll Emporium.
 31037 | Shoals:2 | Bought a scroll of teleportation for 45 gold pieces
 31037 | Shoals:2 | Bought 3 scrolls of blinking for 337 gold pieces
 31037 | Shoals:2 | Bought a scroll of blinking for 112 gold pieces
 31037 | Shoals:2 | Bought a scroll of fog for 60 gold pieces
 31037 | Shoals:2 | Bought a scroll of summoning for 142 gold pieces
 31509 | Shoals:3 | Noticed Ilsuiw
 31519 | Shoals:3 | HP: 5/154 [merfolk siren/+0 spear (8)]
 31519 | Shoals:3 | HP: 1/154 [Ilsuiw/+3 trident of freezing (4)]
 31519 | Shoals:3 | Slain by Ilsuiw

Illustrated notes

Levels and vault maps discovered:
D:1:      dpeg_arrival_erosion, layout_basic
D:2:      layout_loops_cross
D:3:      layout_rooms, shapermc_ecumenical_altar_notcrosses, serial_undead,
          serial_undead_a, serial_undead_c, serial_undead_c, serial_undead_d,
          serial_undead_a, serial_undead_c, uniq_crazy_yiuf_cottage
D:4:      layout_rooms, gammafunk_temple_overflow_pools,
          nicolae_qazlal_eye_of_the_storm, jmf_multi_god_temple2, serial_shops,
          nicolae_shop_peninsula, kennysheep_windowed_goal
D:5:      layout_basic, mainiacjoe_overflow_concentric_impassable,
          mainiacjoe_overflow_alcove_1, ashenzari_altar_1,
          grunt_dithmenos_shadows, minmay_temple_entry_gardened_gates,
          serial_demonic, serial_demonic_b, serial_demonic_c, serial_demonic_g,
          serial_demonic_b, uniq_duvessa, uniq_grinder, uniq_sigmund
D:6:      layout_basic, hex_medium, kennysheep_small_square, uniq_edmund,
          uniq_eustachio
D:7:      layout_basic, zin_academy, nzn_wu_jian_contemplation
D:8:      layout_gridville, led_xom_imps, tso_oasis_becter, erik_lair_island,
          kennysheep_decorative_pillar, nicolae_figureground_sparkle,
          uniq_maurice, uniq_joseph
D:9:      layout_gridville, serial_shops, shop, nicolae_take_the_stairs,
          nicolae_shop_stone, st_stairs_12, nicolae_shop_fire_sale
          [nicolae_sub_dead_trees], uniq_grum
D:10:     layout_loops_ring, fedhas_altar_3, david_orc_1_choice,
          minmay_misc_feat_rugged, bh_circular_ruins, uniq_lodul, uniq_snorg
D:11:     minmay_spotlight, layout_basic, hellmonk_ghost_happy_afterlife,
          serial_shops, nicolae_lakefront_shop, uniq_sonja
D:12:     layout_layer_cave, uniq_jorgrun
D:13:     layout_loops_ring, erik_vaults_2
D:14:     minmay_the_grid_3x3 [minmay_the_grid_plusring, minmay_the_grid_paths,
          minmay_the_grid_expand, minmay_the_grid_spin_star,
          minmay_the_grid_mess, minmay_the_grid_minigrid_large,
          minmay_the_grid_minigrid_medium, minmay_the_grid_minigrid_small_alt,
          minmay_the_grid_prize_four_corners_diamond_b], layout_irregular_city,
          nicolae_hepliaklqana_hazy_memory
D:15:     hangedman_depths_entry_civil_slaughter, layout_basic,
          portal_ice_cave_entry_ugly_swarm, serial_aquarium,
          aquarium_bridge_square [aquarium_subvault_wall,
          aquarium_subvault_balcony, aquarium_subvault_balcony,
          aquarium_subvault_bridge], aquarium_window_2, aquarium_window_corner,
          aquarium_window_fake, aquarium_window_1, aquarium_view_2e,
          aquarium_pool_side, nicolae_kikubaaqudgha_miasma_corner
Lair:1:   layout_chaotic_city, beast_lair_carwin_1
Lair:2:   layout_big_grid, serial_bayou_shore_a, lemuel_fruit_fields,
          infiniplex_staircase_pool, uniq_amaemon
Lair:3:   layout_chaotic_city, nicolae_shoals_entry_roost,
          minmay_snake_entry_guardpost_medium, basic_altar, patterned_corridor
Lair:4:   layout_small_grid, gauntlet_entry_generic, lemuel_fruit_tree,
          infiniplex_staircase_pool_2, grunt_megastairs_2, uniq_nessos
Lair:5:   evil_forest, layout_regular_city, slime_entry_1
Shoals:1: layout_shoals, overgrown_tower
Shoals:2: layout_shoals, serial_shops, shop, nicolae_shoals_dead_sea_scrolls
Shoals:3: layout_shoals, uniq_ilsuiw
Snake:1:  layout_gridlike, basic_altar
Snake:2:  layout_grid_shapes, nicolae_snake_squiggles, serial_bayou_lagoon_b
Snake:3:  gammafunk_sealed_arena, layout_grid_shapes, drop_trap,
          nicolae_snake_gridmaze_spiral, nicolae_snake_springs
Snake:4:  hellmonk_snake_rune_quicksilver_temple, layout_cave_town,
          statue_in_the_mist_lemuel, uniq_bai_suzhen
Orc:1:    layout_caves, enter_volcano_1, uniq_harold
Orc:2:    st_orc_ogre_mass, layout_caves, nicolae_orc_bridge_out

Skill      XL: |  1  2  3  4  5  6  7  8  9 10 11 12 13 14 15 16 17 18 |
---------------+-------------------------------------------------------+-----
Long Blades    | 4 5 6 7 8 9 10 12 14 19 20 | 20.5
Fighting       | 5 6 9 11 12 13 14 15 17 18 | 18.0
Armour         | 4 5 7 10 12 13 15 16 | 16.0
Invocations    | 2 4 5 7 10 11 14 15 16 | 16.0
Evocations     | 3 5 6 7 |  7.0
Dodging        | 5 6 10 | 10.0
Maces & Flails | 12 14 | 14.0

Action                     |  1- 3 |  4- 6 |  7- 9 | 10-12 | 13-15 | 16-18 || total
---------------------------+-------+-------+-------+-------+-------+-------++-------
  Melee: Falchion          |    73 |    55 |   220 |    70 |       |       ||   418
         Headbutt          |    14 |    23 |    47 |   158 |   287 |   216 ||   745
         Long sword        |       |    66 |       |   390 |   597 |       ||  1053
         Unarmed           |       |       |       |     1 |       |       ||     1
         Flail             |       |       |       |     1 |    27 |       ||    28
         Great sword       |       |       |       |       |   240 |   759 ||   999
         Demon whip        |       |       |       |       |    21 |     4 ||    25
         Punch             |       |       |       |       |     1 |       ||     1
 Invoke: Ancestor Life: He |       |     1 |       |       |       |       ||     1
         Recall Ancestor   |       |       |       |     2 |     7 |     2 ||    11
  Evoke: Wand              |       |       |     9 |    15 |     4 |       ||    28
         Phantom mirror    |       |       |       |       |     1 |       ||     1
         Box of beasts     |       |       |       |       |       |     1 ||     1
    Use: Scroll            |     6 |     2 |     1 |     2 |    20 |    10 ||    41
         Potion            |       |       |       |       |     8 |    10 ||    18
   Stab: Confused          |       |       |     7 |    11 |    21 |     5 ||    44
         Distracted        |       |       |     3 |     6 |    22 |    20 ||    51
         Paralysed         |       |       |       |       |    20 |    51 ||    71
 Armour: Robe              |     5 |       |       |       |       |       ||     5
         Ring mail         |    10 |    12 |       |       |       |       ||    22
         Plate armour      |       |    34 |    99 |   199 |   614 |   479 ||  1425
  Dodge: Dodged            |    23 |    59 |    45 |   121 |   381 |   321 ||   950

Table legend: (Time is in decaauts)
 A = Elapsed time spent in this place.
 B = Non-inter-level travel time spent in this place.
 C = Inter-level travel time spent in this place.
 D = Time resting spent in this place.
 E = Time spent auto-exploring this place.
 F = Levels seen in this place.
 G = Mean time per level.
                   A        B        C        D        E       F      G
               +--------+--------+--------+--------+--------+-----+--------+
         Total |  30888 |  29233 |   1655 |   6708 |  15000 |  30 | 1029.6 |
       Dungeon |  14283 |  13602 |    681 |   2166 |   8225 |  15 |  952.2 |
          Lair |   7217 |   6897 |    320 |   2597 |   3009 |   5 | 1443.4 |
        Shoals |   1758 |   1646 |    112 |    165 |    961 |   3 |  586.0 |
     Snake Pit |   4798 |   4327 |    471 |    830 |   2130 |   4 | 1199.5 |
  Orcish Mines |   1869 |   1799 |     70 |    417 |    675 |   2 |  934.5 |
      Gauntlet |    961 |    961 |      0 |    532 |      0 |   1 |  961.0 |
               +--------+--------+--------+--------+--------+-----+--------+

Top non-repeatable levels by time:
  Lair:5: 1914 daAuts
 Snake:4: 1618 daAuts
     D:8: 1580 daAuts
 Snake:3: 1461 daAuts
  Lair:1: 1418 daAuts
    D:11: 1407 daAuts
  Lair:2: 1397 daAuts
    D:10: 1310 daAuts
  Lair:3: 1295 daAuts
    D:15: 1236 daAuts
  Lair:4: 1191 daAuts
    D:12: 1150 daAuts
    D:14: 1020 daAuts
   Orc:2: 1008 daAuts
     D:9: 976 daAuts
